AoeStats
← naphtaligrauer16

Glade

510516086Analyzed
1v1 RM · 2d ago on Oct 1, 2026· 60m 45s· 2 players
Game mode
Random Map
Map size
Tiny (2 player)
Population
200
Speed
Normal
Resources
Standard
Victory
Conquest
Starting age
Dark Age
Ending age
Imperial Age
RankedLock teamsTeams togetherTeam positionsShared explorationLock speedFull tech treeHidden civsTurbo modeCheats
Victory
Defeat
🇫🇷 Sicilians · France
1511
+16
🇩🇪 Malians · Germany
1504
-16
naphtaligrauer16
9:46 Feudal Age
10:28 Loom
11:16 Horse Collar
11:22 Double-Bit Axe
14:53 Wheelbarrow
17:02 Stone Mining
19:25 Castle Age
20:41 Fletching
25:39 Imperial Age
24:32 Scale Mail Armor
26:18 Chain Mail Armor
27:09 Scale Barding Armor
27:15 Forging
27:29 Bloodlines
27:16 Light Cavalry
28:35 Gold Mining
28:58 Bow Saw
32:19 Chain Barding Armor
35:10 Plate Barding Armor
35:24 Husbandry
36:34 Farimba
36:54 Heavy Camel Rider
39:01 Iron Casting
49:25 Chemistry
51:13 Bodkin Arrow
51:18 Padded Archer Armor
51:32 Masonry
54:43 Thumb Ring
55:17 Elite Skirmisher
58:46 Leather Archer Armor
58:53 Hand Cart
Don't Worry Be Happy
6:06 Loom
8:52 Feudal Age
15:03 Double-Bit Axe
15:06 Horse Collar
21:14 Castle Age
19:21 Gold Mining
19:30 Fletching
22:23 Bow Saw
22:52 Bodkin Arrow
25:30 Crossbowman
27:12 Heavy Plow
29:43 Scale Barding Armor
32:47 Imperial Age
30:59 Wheelbarrow
33:01 Cavalier
33:51 Bloodlines
34:23 Scale Barding Armor
35:28 Chain Barding Armor
36:19 Arbalester
37:55 Bracer
38:17 Ballistics
40:30 Chemistry
40:06 Plate Barding Armor
40:03 Crop Rotation
41:31 Conscription
41:43 Scale Mail Armor
42:21 Forging
42:01 Elite Serjeant
44:49 Chain Mail Armor
44:18 Pikeman
45:34 Iron Casting
44:33 Pikeman
46:05 Halberdier
46:50 Squires
48:33 Hauberk
49:42 Husbandry
50:44 Blast Furnace
Connection lost

Rejoining the realm…

Still unreachable

The connection could not be restored.

Session expired

The server has moved on; the page needs a fresh start.